 Dungeon Crawl Stone Soup version 0.21.1 (webtiles) character file.

102 Fascinator the Chopper (level 4, 0/41 HPs)
             Began as a Minotaur Berserker on Feb 1, 2018.
             Was a Believer of Trog.
             Slain by an orc
             ... wielding a +0 dagger
              (1 damage)
             ... on level 2 of the Dungeon.
             The game lasted 00:03:09 (1712 turns).

Fascinator the Chopper (Minotaur Berserker)         Turns: 1712, Time: 00:03:10

Health: 0/41       AC:  5    Str: 23    XL:     4   Next: 50%
Magic:  3/3        EV: 17    Int:  4    God:    Trog [**....]
Gold:   95         SH:  0    Dex: 14    Spells: 3/3 levels left

rFire    . . .     SeeInvis .   a - +0 hand axe
rCold    . . .     Gourm    .   (no shield)
rNeg     . . .     Faith    .   d - +0 ring mail
rPois    .         Spirit   .   (helmet restricted)
rElec    .         Reflect  .   (no cloak)
rCorr    .         Harm     .   g - -2 pair of gloves (curse)
MR       .....                  (no boots)
Stlth    ++........             (no amulet)
HPRegen  0.13/turn              (no ring)
MPRegen  0.08/turn              (no ring)

@: agile, lethally poisoned (0 -> -2), berserk cooldown, slowed, very slow
A: retaliatory headbutt, horns 2
a: Berserk, Trog's Hand, Burn Spellbooks, Renounce Religion


You were on level 2 of the Dungeon.
You worshipped Trog.
Trog was pleased with you.
You were hungry.

You visited 1 branch of the dungeon, and saw 3 of its levels.

You collected 95 gold pieces.

Inventory:

Hand Weapons
 a - a +0 hand axe (weapon)
Armour
 d - a +0 ring mail (worn)
 g - a cursed -2 pair of gloves (worn)
Jewellery
 e - a +5 ring of protection {unknown}
Scrolls
 b - 4 scrolls of identify {unknown}
 j - a scroll of amnesia {unknown}
Potions
 h - a potion of degeneration {unknown}
 i - a potion of berserk rage {unknown}
Comestibles
 c - 5 rations


   Skills:
 + Level 4.7 Fighting
 + Level 4.7 Axes
 + Level 3.8 Armour
 - Level 2.2 Dodging


You had 3 spell levels left.
You didn't know any spells.

Dungeon Overview and Level Annotations

Branches:
Dungeon (3/15)

Altars:


Innate Abilities, Weirdness & Mutations

You reflexively headbutt those who attack you in melee.
You have a pair of horns on your head.


Message History

The orc hits you but does no damage. The adder bites you but does no damage.
The orc hits you with a dagger.
* * * LOW HITPOINT WARNING * * *
There is a stone staircase leading up here.
The adder bites you.
* * * LOW HITPOINT WARNING * * *
You are poisoned.
The adder poisons you! The adder bites you.
* * * LOW HITPOINT WARNING * * *
The orc hits you with a dagger.
* * * LOW HITPOINT WARNING * * *
You climb upwards.
* * * LOW HITPOINT WARNING * * *
You feel sick.
There is a stone staircase leading down here.
It was a potion of agility.
You feel agile all of a sudden.
* * * LOW HITPOINT WARNING * * *
You feel sick. The adder closely misses you. The orc hits you with a dagger.
You die...

#...#######.# ##########.## #.#
#########..........### #.#
.....>.....#####.....######.##
#########.># ###.............#
#..# #...............# #..#
#.#.....#######.#
#####..###.#.S...# #.#
#####..........o@..### #.#
...............###.# #.#
#####.###...#..###.#########.####
#>....#......).##............
#####..##...#.........######.###.
.......####.######.#########.# #.
####...# #.# #........##.# #.
.......# #.# ########.##.# #.
..##.#.# #.# #...#.# #.


You could see an adder and an orc.

Vanquished Creatures
  An orc wizard (D:3)
  3 adders
  2 worms (D:2)
  A dart slug (D:1)
  2 leopard geckos
  An orc (D:3)
  2 giant cockroaches (D:3)
  7 hobgoblins (D:1)
  6 bats
  4 frilled lizards
  5 goblins
  A kobold (D:3)
  4 rats (D:1)
39 creatures vanquished.

Notes
Turn   | Place    | Note
-------+----------+-------------------------------------------
     0 | D:1      | Fascinator the Minotaur Berserker began the quest for the Orb.
     0 | D:1      | Reached XP level 1. HP: 19/19 MP: 0/0
   342 | D:1      | Reached XP level 2. HP: 27/27 MP: 1/1
   885 | D:2      | Reached XP level 3. HP: 24/33 MP: 2/2
  1680 | D:3      | Reached ** piety under Trog
  1681 | D:3      | Reached XP level 4. HP: 40/41 MP: 3/3
  1711 | D:2      | HP: 2/41 [poisoned by an adder]
  1712 | D:2      | Slain by an orc

Skill      XL: |  1  2 |
---------------+-------+-----
Axes           | 4 |  4.7
Fighting       | 4 |  4.7
Armour         | 3 |  3.8
Dodging        | |  2.2

Action                   |  1- 3 |  4- 6 || total
-------------------------+-------+-------++-------
Melee: Hand axe          |    87 |     7 ||    94
       Headbutt          |    11 |     1 ||    12
Invok: Berserk           |     1 |       ||     1
  Use: Potion            |       |     1 ||     1
  Eat: Chunk             |     2 |     1 ||     3
Armor: Ring mail         |    25 |     4 ||    29
Dodge: Dodged            |    60 |     8 ||    68
